AoeStats
← Witchinblack6

Migration

509491209Analyzed
1v1 RM · 6d ago on Sep 27, 2026· 72m 50s· 2 players
Game mode
Random Map
Map size
132×132
Population
200
Speed
Normal
Resources
Standard
Victory
Conquest
Starting age
Dark Age
Ending age
Imperial Age
RankedLock teamsTeams togetherTeam positionsShared explorationLock speedFull tech treeHidden civsTurbo modeCheats
Victory
Defeat
🇲🇽 Britons · Mexico
602
+15
🇺🇸 Persians · United States
582
-24
Witchinblack6
14:19 Feudal Age
36:07 Double-Bit Axe
43:25 Wheelbarrow
48:54 Castle Age
56:58 Imperial Age
57:56 Medium Warships
60:34 Bow Saw
61:24 Scale Barding Armor
60:46 Elite War Elephant
64:22 Chain Barding Armor
PakirrySnow
11:02 Feudal Age
12:18 Wheelbarrow
11:33 Double-Bit Axe
19:45 Fletching
25:47 Castle Age
26:36 Bodkin Arrow
30:02 Bow Saw
29:48 Horse Collar
31:17 Fishing Lines
32:58 Hand Cart
33:10 Heavy Plow
36:07 Gillnets
36:58 Gold Mining
44:07 Imperial Age
42:09 Stone Mining
42:57 Gold Shaft Mining
46:58 Yeomen
46:47 Bracer
46:57 Town Watch
46:58 Loom
47:43 Ballistics
48:25 Chemistry
47:31 Siege Engineers
48:42 Conscription
48:47 Elite Longbowman
51:22 Two-Man Saw
52:32 Padded Archer Armor
52:43 Forging
52:34 Scale Mail Armor
52:40 Scale Barding Armor
53:00 Masonry
56:19 Town Patrol
59:06 Iron Casting
58:47 Leather Archer Armor
62:05 Warwolf
62:13 Warwolf
63:18 Guilds
Connection lost

Rejoining the realm…

Still unreachable

The connection could not be restored.

Session expired

The server has moved on; the page needs a fresh start.